 Dungeon Crawl Stone Soup version 0.28.0 (webtiles) character file.

Game seed: 13259407143609916029

134405 Angani the Alchemist (level 16, -13/78 HPs)
             Began as a Spriggan Ice Elementalist on Feb 10, 2022.
             Was the Champion of Makhleb.
             Mangled by a +1 halberd of protection (26 damage)
             ... on level 2 of the Elven Halls.
             The game lasted 01:50:17 (34340 turns).

Angani the Alchemist (Spriggan Ice Elementalist)   Turns: 34340, Time: 01:50:17

Health: -13/78     AC:  9    Str:  4    XL:     16   Next: 62%
Magic:  4/34       EV: 23    Int: 24    God:    Makhleb [******]
Gold:   2153       SH:  0    Dex: 16    Spells: 1/41 levels left

rFire   + . .      SeeInvis +   A - +1 dagger (venom)
rCold   . . .      Faith    .   b - orb {mayhem}
rNeg    . . .      Spirit   .   D - +0 steam dragon scales
rPois   +          Reflect  .   I - +1 hat
rElec   .          Harm     .   R - +2 cloak {Will+}
rCorr   .          Rampage  .   (gloves unavailable)
Will    +++..                   (boots unavailable)
Stlth   +++++.....              d - amulet of regeneration
HPRegen 1.03/turn               P - ring "Gyczipul" {rPois SInv Stlth+}
MPRegen 0.24/turn               y - ring of protection from fire

@: very quick
A: very small, no large weapons, unfitting armour, see invisible, speed 3
a: Renounce Religion, Minor Destruction, Lesser Servant of Makhleb, Major
Destruction, Greater Servant of Makhleb


You were on level 2 of the Elven Halls.
You worshipped Makhleb.
Makhleb was exalted by your worship.
You visited 4 branches of the dungeon, and saw 25 of its levels.
You also visited: Bailey, Gauntlet and Ice Cave.

You collected 2792 gold pieces.
You spent 639 gold pieces at shops.

Inventory:

Hand Weapons
 A - a +1 dagger of venom (weapon)
Missiles
 H - 3 throwing nets
Armour
 b - an orb of mayhem (worn)
 D - +0 steam dragon scales (worn)
 I - a +1 hat (worn)
 L - +0 pearl dragon scales
 R - a +2 cloak of willpower (worn)
Magical Staves
 f - a staff of air
Jewellery
 d - an amulet of regeneration (around neck)
 j - a ring of protection from fire
 k - a ring of willpower
 o - an amulet of faith
 y - a ring of protection from fire (right hand)
 P - the ring "Gyczipul" (left hand) {rPois SInv Stlth+}
   (You found it in a Gauntlet)

   [ring of poison resistance]

   rPois:     It protects you from poison.
   SInv:      It lets you see invisible.
   Stlth:     It makes you more stealthy.
 Q - a ring of resist corrosion
 T - a ring of ice
Wands
 i - a wand of digging (20)
 w - a wand of mindburst (11)
 E - a wand of paralysis (21)
 G - a wand of charming (12)
 J - a wand of acid (5)
 M - a wand of polymorph (17)
 Z - a wand of iceblast (15)
Scrolls
 a - a scroll of amnesia
 g - a scroll of blinking
 n - 12 scrolls of teleportation
 p - 2 scrolls of immolation
 s - 2 scrolls of vulnerability
 v - a scroll of enchant weapon
 K - 6 scrolls of fear
 N - a scroll of identify
 S - 4 scrolls of magic mapping
 W - 2 scrolls of holy word
 X - 2 scrolls of silence
Potions
 c - 4 potions of mutation
 e - 8 potions of brilliance
 h - 4 potions of might
 l - 6 potions of heal wounds
 m - 2 potions of resistance
 q - a potion of ambrosia
 r - 9 potions of curing
 t - 3 potions of lignification
 u - 3 potions of attraction
 x - 4 potions of flight
 z - a potion of magic
 B - 7 potions of haste
 C - 4 potions of cancellation
 F - a potion of invisibility
Miscellaneous
 O - a phial of floods
 U - a phantom mirror
 V - a piece from Xom's chessboard (15/15)
 Y - a box of beasts


   Skills:
 - Level 6.2 Fighting
 - Level 10.3 Dodging
 - Level 10.0 Stealth
 - Level 13.0 Spellcasting
 - Level 7.0 Hexes
 - Level 6.6 Summonings
 + Level 16.1 Transmutations
 - Level 3.1 Fire Magic
 - Level 6.6 Ice Magic
 + Level 12.9 Air Magic
 - Level 5.2 Earth Magic
 - Level 3.9 Poison Magic
 - Level 11.2 Invocations


You had one spell level left.
You knew the following spells:

 Your Spells              Type           Power      Damage    Failure   Level
a - Freeze                Ice            100%       1d11      1%          1
b - Frozen Ramparts       Ice            94%        1d11      1%          3
c - Ozocubu's Armour      Ice            47%        N/A       1%          3
d - Poisonous Vapours     Pois/Air       100%       N/A       1%          2
e - Ignite Poison         Fire/Tmut/Pois 52%        N/A       1%          3
f - Summon Lightning Spi  Summ/Air       58%        N/A       1%          4
g - Cause Fear            Hex            24%        N/A       2%          4
h - Leda's Liquefaction   Hex/Erth       22%        N/A       3%          4
i - Storm Form            Tmut/Air       35%        N/A       9%          7
j - Airstrike             Air            33%        N/A       1%          4
k - Irradiate             Conj/Tmut      26%        3d22      3%          5

Your spell library contained the following spells:

 Spells                   Type           Power      Damage    Failure   Level
 Foxfire                  Conj/Fire      92%        2x1d8     1%          1
 Shock                    Conj/Air       100%       1d9       1%          1
 Pain                     Necr           60%        1d7       3%          1
 Call Canine Familiar     Summ           47%        N/A       1%          3
 Inner Flame              Hex/Fire       40%        N/A       1%          3
 Swiftness                Air            67%        N/A       1%          3
 Portal Projectile        Hex/Tloc       64%        N/A       2%          3
 Summon Ice Beast         Ice/Summ       47%        N/A       2%          4
 Blink                    Tloc           30%        N/A       6%          2
 Conjure Flame            Conj/Fire      23%        6-21      6%          3
 Summon Mana Viper        Hex/Summ       48%        N/A       6%          5
 Hailstorm                Conj/Ice       31%        3d8       10%         4
 Flame Wave               Conj/Fire      23%        2d7       21%         4
 Borgnjor's Vile Clutch   Necr/Erth      14%        N/A       36%         5
 Manifold Assault         Tloc           15%        N/A       71%         5
 Monstrous Menagerie      Summ           23%        N/A       91%         7
 Discord                  Hex            24%        N/A       100%        8
 Chain Lightning          Conj/Air       23%        3d30      100%        9


Dungeon Overview and Level Annotations

Branches:
Dungeon (15/15)            Temple (0/1) D:6            Lair (6/6) D:9
 Shoals (0/4) Lair:3        Snake (0/4) Lair:2        Slime (0/5) Lair:5
    Orc (2/2) D:11            Elf (1/3) Orc:2        Vaults (0/5) D:13
 Depths (0/4) D:15         Bailey (visited)           IceCv (visited)
Gauntlet (visited)

Altars:
Dithmenos
Makhleb
Uskayaw
Wu Jian
The Shining One

Shops:
D:13 =   Orc:2 *?(*

Annotations:
D:2 Sigmund
Elf:2 2 runed translucent doors


Innate Abilities, Weirdness & Mutations

You are very small and have problems with some larger weapons.
You are too small for most types of armour.
You have supernaturally acute eyesight. (SInv)
You cover ground extremely quickly. (Speed+++)


Message History

Aim: a +1 halberd of protection (severely damaged)
Okay, then.
Aiming: Minor Destruction (0% risk of failure)
Press: ? - help, Shift-Dir - straight line, f/p - +1 halberd of protection
Aim: a +1 halberd of protection (severely damaged)
Okay, then.
You feel much better.
The +1 halberd of protection hits you from afar!
Unknown command.
Aiming: Minor Destruction (0% risk of failure)
Press: ? - help, Shift-Dir - straight line, f/p - +1 halberd of protection
Aim: a +1 halberd of protection (severely damaged)
The glob of acid misses the +1 halberd of protection.
The +1 halberd of protection closely misses you.
Unknown command.
Aiming: Minor Destruction (0% risk of failure)
Press: ? - help, Shift-Dir - straight line, f/p - +1 halberd of protection
Aim: a +1 halberd of protection (severely damaged)
The +1 halberd of protection is unaffected.
The +1 halberd of protection closely misses you.
Unknown command.
Aiming: Minor Destruction (0% risk of failure)
Press: ? - help, Shift-Dir - straight line, f/p - +1 halberd of protection
Aim: a +1 halberd of protection (severely damaged)
The glob of acid misses the +1 halberd of protection.
The +1 halberd of protection hits you from afar!
The +1 halberd of protection misses you.
Unknown command.
Aiming: Minor Destruction (0% risk of failure)
Press: ? - help, Shift-Dir - straight line, f/p - +1 halberd of protection
Aim: a +1 halberd of protection (severely damaged)
The stone arrow misses the +1 halberd of protection.
The +1 halberd of protection hits you from afar!!
* * * LOW HITPOINT WARNING * * *
Unknown command.
You feel much better.
The +1 halberd of protection hits you from afar!!
* * * LOW HITPOINT WARNING * * *
The +1 halberd of protection hits you from afar!!
You die...

##.....##..
##.....##..
#.....#..#.
#....#....#
#...#......
#..#.......
#(#...)....
##....)....
#@........
##....)....
#.#).).....
#..#.......
#...#......
#....#....#
#.....#..#
##.....##.
##.....#


You could see a +1 halberd of protection.

Vanquished Creatures
  Jorgrun (D:14)
  A deep elf blademaster (Elf:2)
  Kirke (D:14)
  A fire giant (D:15)
  Nessos (D:14)
  Snorg (D:11)
  A fire dragon (D:15)
  Josephine (D:11)
  Erolcha (D:13)
  6 boulder beetles
  8 hydras
  4 ogre magi (Orc:2)
  4 vault guards (D:13)
  Erica (Lair:1)
  3 centaur warriors
  12 two-headed ogres (Orc:2)
  A death knight (D:12)
  4 death yaks (Lair:5)
  A tengu warrior (D:12)
  9 dancing weapons (Elf:2)
  Urug (Lair:4)
  3 deep elf knights (Elf:2)
  Sonja (Lair:6)
  2 skeletal warriors (D:14)
  5 deep elf zephyrmancers
  A wolf spider (D:12)
  A lindwurm (Lair:6)
  2 phantasmal warriors (D:14)
  An orc sorcerer (Orc:1)
  2 deep elf pyromancers
  4 ugly things
  An orc knight (Orc:2)
  2 cyclopes (D:13)
  3 manticores
  3 merfolk sirens (Lair:3)
  13 elephants
  2 black mambas
  A guardian serpent (shapeshifter) (D:12)
  A gargoyle (D:12)
  11 cane toads
  3 unseen horrors
  2 yaktaurs (D:15)
  Psyche (D:11)
  2 efreet
  A tengu conjurer (D:12)
  An anaconda simulacrum (D:14)
  A kobold demonologist (D:11)
  A rime drake (Lair:4)
  10 komodo dragons
  An entropy weaver simulacrum (D:14)
  3 meliai (D:13)
  7 polar bears
  3 trolls
  9 hornets
  8 slime creatures
  Prince Ribbit (D:7)
  6 dream sheep (Lair:6)
  17 blink frogs
  A raiju (shapeshifter) (D:15)
  13 spriggans (Lair:6)
  An air elemental (Elf:1)
  A shadow (D:11)
  8 wraiths
  2 wyverns
  48 yaks
  4 humans (D:13)
  A dire elephant simulacrum (D:14)
  2 hogs (D:14)
  4 basilisks
  A steam dragon (D:7)
  3 wargs
  2 nagas (Lair:2)
  13 water moccasins
  A meliai simulacrum (D:15)
  A necrophage (D:6)
  11 orc warriors
  5 black bears
  A hornet zombie (D:8)
  20 ogres
  50 wolves
  6 centaurs
  4 boggarts (Lair:6)
  3 phantoms
  Blork the orc (D:4)
  3 kobold brigands
  11 bullfrogs
  3 scorpions
  2 gnoll sergeants
  A deep troll simulacrum (D:14)
  11 killer bees
  A water moccasin skeleton (D:6)
  4 troll zombies (D:11)
  A lindwurm simulacrum (D:14)
  A howler monkey (D:8)
  2 electric eels
  A bullfrog zombie (D:6)
  2 centaur zombies
  A jelly (D:4)
  Crazy Yiuf (D:2)
  A bullfrog skeleton (D:6)
  4 gnoll shamans
  3 hounds (D:4)
  A centaur skeleton (D:7)
  8 orc priests
  2 iguanas
  11 orc wizards
  Natasha (thrice) (D:4)
  An ogre zombie (D:11)
  2 hound skeletons
  A howler monkey zombie (D:9)
  Robin (D:2)
  44 gnolls
  6 adders
  A white imp (D:7)
  An ufetubus (D:5)
  3 worms
  9 dart slugs
  42 orcs
  10 ball pythons
  8 endoplasms
  4 giant cockroaches
  19 goblins
  5 hobgoblins
  16 kobolds
  8 bats
  3 frilled lizards
  A goblin skeleton (D:11)
  5 goblin zombies (D:11)
  5 hobgoblin zombies (D:11)
  An orc skeleton (D:11)
  9 orc zombies (D:11)
  A rat (D:2)
690 creatures vanquished.

Vanquished Creatures (collateral kills)
  Gastronok (D:9)
  A minotaur (Gauntlet)
  A hydra (Lair:1)
  A rakshasa (D:13)
  A death knight (D:14)
  2 skeletal warriors
  An orc sorcerer (Orc:1)
  A centaur zombie (D:10)
  A black mamba (Lair:2)
  2 yaktaurs (D:15)
  7 slime creatures
  A shadow (Gauntlet)
  A hog (D:14)
  2 wraiths
  A dire elephant simulacrum (D:14)
  A human (D:13)
  2 wargs (Orc:2)
  A minotaur simulacrum (D:14)
  An ogre (Orc:2)
  A deep troll simulacrum (D:14)
  A bullfrog (Lair:2)
  2 killer bees (D:9)
  An orc priest (D:10)
  2 orc wizards (D:10)
  3 ogre zombies (D:11)
  7 orcs
  A goblin zombie (D:11)
  3 orc zombies (D:11)
50 creatures vanquished.

Vanquished Creatures (others)
  A vault guard (D:13)
  2 humans (D:13)
  A centaur (D:14)
  A killer bee (D:9)
  2 bushes (Lair:6)
  51 fungi
  51 plants
  3 toadstools (D:5)
112 creatures vanquished.

Grand Total: 852 creatures vanquished

Notes
Turn   | Place    | Note
-------+----------+-------------------------------------------
     0 | D:1      | Angani the Spriggan Ice Elementalist began the quest for
                  | the Orb.
     0 | D:1      | Reached XP level 1. HP: 9/9 MP: 5/5
   293 | D:1      | Found a faded altar of an unknown god.
   299 | D:1      | Prayed at the altar of an unknown god.
   299 | D:1      | Became a worshipper of Makhleb the Destroyer
   299 | D:1      | Reached * piety under Makhleb
   319 | D:1      | Reached XP level 2. HP: 13/13 MP: 1/7
   877 | D:1      | Reached XP level 3. HP: 16/16 MP: 4/8
   909 | D:1      | Learned a level 3 spell: Frozen Ramparts
   913 | D:1      | Learned a level 3 spell: Ozocubu's Armour
  1261 | D:2      | Found a runed translucent door.
  1262 | D:2      | Noticed Crazy Yiuf
  1304 | D:2      | Killed Crazy Yiuf
  1305 | D:2      | Reached XP level 4. HP: 21/21 MP: 2/10
  1426 | D:2      | Noticed Sigmund
  1500 | D:2      | Reached ** piety under Makhleb
  1541 | D:2      | Noticed Robin
  1609 | D:2      | Killed Robin
  2222 | D:3      | Reached XP level 5. HP: 16/24 MP: 7/12
  2240 | D:3      | Reached skill level 1 in Invocations
  2415 | D:3      | Identified the +0 robe "Odyru" {rC+ rN+ Dex+2 SInv}
  2505 | D:3      | Reached skill level 5 in Stealth
  2557 | D:3      | Reached *** piety under Makhleb
  2955 | D:4      | Noticed Natasha
  2963 | D:4      | Killed Natasha
  2964 | D:4      | Reached XP level 6. HP: 28/28 MP: 10/14
  3115 | D:4      | Reached skill level 5 in Spellcasting
  3128 | D:4      | Noticed Natasha
  3168 | D:4      | Killed Natasha
  3358 | D:4      | Noticed Blork the orc
  3362 | D:4      | Reached XP level 7. HP: 32/32 MP: 14/16
  3392 | D:4      | Killed Blork the orc
  3487 | D:4      | Noticed Natasha
  3494 | D:4      | Killed Natasha
  3699 | D:4      | Reached skill level 5 in Ice Magic
  4319 | D:5      | Entered Level 5 of the Dungeon
  4758 | D:5      | Reached XP level 8. HP: 36/36 MP: 15/18
  5381 | D:6      | Reached **** piety under Makhleb
  5678 | D:6      | Found a staircase to the Ecumenical Temple.
  6181 | D:6      | Found a glowing golden altar of the Shining One.
  6608 | D:7      | Reached skill level 5 in Invocations
  6756 | D:7      | Reached XP level 9. HP: 32/39 MP: 17/21
  7012 | D:7      | Noticed Prince Ribbit
  7048 | D:7      | Killed Prince Ribbit
  7049 | D:7      | Reached skill level 10 in Stealth
  8137 | D:8      | Identified a scroll of acquirement
  8138 | D:8      | Acquired the Tome of Torrid Feathers
  8143 | D:8      | Learned a level 2 spell: Poisonous Vapours
  8147 | D:8      | Learned a level 3 spell: Ignite Poison
  8152 | D:8      | Learned a level 4 spell: Summon Lightning Spire
  8252 | D:8      | Reached skill level 1 in Transmutations
  8544 | D:8      | Reached skill level 1 in Poison Magic
  8630 | D:9      | Found a flagged portal.
  8639 | Bailey   | Entered a bailey
  8722 | Bailey   | Reached skill level 1 in Air Magic
  8824 | Bailey   | Reached ***** piety under Makhleb
  8829 | Bailey   | Reached skill level 1 in Summonings
  8832 | Bailey   | Reached skill level 2 in Transmutations
  8832 | Bailey   | Reached skill level 1 in Fire Magic
  8909 | Bailey   | Reached skill level 5 in Transmutations
  8909 | Bailey   | Reached XP level 10. HP: 44/44 MP: 22/24
  8910 | Bailey   | Reached skill level 5 in Air Magic
  8910 | Bailey   | Reached XP level 11. HP: 47/47 MP: 22/27
  8911 | Bailey   | Reached skill level 5 in Summonings
  8911 | Bailey   | Reached XP level 12. HP: 51/51 MP: 22/29
  9112 | D:9      | Noticed Gastronok
  9211 | D:9      | Killed Gastronok
  9363 | D:9      | Found a staircase to the Lair.
 10087 | D:10     | Entered Level 10 of the Dungeon
 10229 | D:10     | Reached skill level 10 in Invocations
 10229 | D:10     | Reached XP level 13. HP: 55/55 MP: 21/30
 10245 | D:10     | Learned a level 4 spell: Cause Fear
 10250 | D:10     | Learned a level 4 spell: Leda's Liquefaction
 10651 | D:10     | Wow, pearl scales on D10
 10774 | D:11     | Noticed Josephine
 10926 | D:11     | Reached skill level 1 in Hexes
 10951 | D:11     | Noticed Snorg
 10992 | D:11     | Noticed Psyche
 11004 | D:11     | Killed Psyche
 11005 | D:11     | Reached skill level 1 in Earth Magic
 11025 | D:11     | Found a staircase to the Orcish Mines.
 11116 | D:11     | Found a gate leading to a gauntlet.
 11126 | Gauntlet | Entered a Gauntlet
 11126 | Gauntlet | Found a transporter.
 11135 | Gauntlet | Found a transporter.
 11136 | Gauntlet | Found a transporter.
 11139 | Gauntlet | Found a transporter.
 11140 | Gauntlet | Found a transporter.
 11141 | Gauntlet | Found a transporter.
 11150 | Gauntlet | Found a transporter.
 11153 | Gauntlet | Found a transporter.
 11157 | Gauntlet | Noticed a dire elephant
 11176 | Gauntlet | Found a transporter.
 11176 | Gauntlet | Found a transporter.
 11176 | Gauntlet | Noticed a balrug
 11177 | Gauntlet | Found a transporter.
 11209 | Gauntlet | Noticed a balrug
 11214 | Gauntlet | Found a transporter.
 11244 | Gauntlet | Noticed a quicksilver ooze
 11349 | Gauntlet | Identified the ring "Gyczipul" {rPois SInv Stlth+}
 11518 | Gauntlet | Noticed a minotaur
 11523 | Gauntlet | Killed a minotaur
 12237 | D:11     | Reached skill level 1 in Fighting
 12475 | D:11     | Killed Snorg
 12661 | D:11     | Killed Josephine
 12961 | Orc:1    | Entered Level 1 of the Orcish Mines
 12962 | Orc:1    | You fall into a shaft and drop 1 floor!
 12962 | Orc:2    | Entered Level 2 of the Orcish Mines
 13400 | Orc:2    | Found Esuxzaerib's Antique Weapon Shop.
 13400 | Orc:2    | Found Kaoheosu's Assorted Antiques.
 13400 | Orc:2    | Found Ubaess's General Store.
 13400 | Orc:2    | Found Siffutoiruc's Magic Scroll Shop.
 13506 | Orc:2    | Reached skill level 5 in Dodging
 13510 | Orc:2    | Reached ****** piety under Makhleb
 13577 | Orc:2    | Reached skill level 5 in Hexes
 14508 | Orc:2    | Bought a scroll of identify for 54 gold pieces
 14508 | Orc:2    | Bought 3 scrolls of identify for 162 gold pieces
 14508 | Orc:2    | Bought a scroll of teleportation for 81 gold pieces
 14510 | Orc:2    | Bought a scroll of identify for 24 gold pieces
 14510 | Orc:2    | Bought a scroll of magic mapping for 42 gold pieces
 14511 | Orc:2    | Bought a scroll of identify for 24 gold pieces
 14511 | Orc:2    | Bought a scroll of fear for 42 gold pieces
 14511 | Orc:2    | Bought a scroll of magic mapping for 42 gold pieces
 14511 | Orc:2    | Bought a scroll of teleportation for 36 gold pieces
 14511 | Orc:2    | Bought a scroll of magic mapping for 42 gold pieces
 14511 | Orc:2    | Bought a scroll of blinking for 90 gold pieces
 14593 | Orc:2    | Found a staircase to the Elven Halls.
 14653 | Orc:2    | Reached skill level 5 in Earth Magic
 15011 | Orc:2    | Reached XP level 14. HP: 66/66 MP: 26/32
 16828 | D:12     | Reached skill level 5 in Fighting
 18106 | Lair:1   | Entered Level 1 of the Lair of Beasts
 18134 | Lair:1   | Noticed Erica
 18147 | Lair:1   | Killed Erica
 19410 | Lair:1   | Reached skill level 10 in Dodging
 20293 | Lair:2   | Learned a level 7 spell: Storm Form
 20403 | Lair:2   | Reached skill level 6 in Transmutations
 20602 | Lair:2   | Found a staircase to the Snake Pit.
 21437 | Lair:3   | Reached skill level 7 in Transmutations
 21964 | Lair:3   | Found a staircase to the Shoals.
 22417 | Lair:4   | Reached skill level 8 in Transmutations
 22756 | Lair:4   | Noticed Urug
 22760 | Lair:4   | Killed Urug
 22761 | Lair:4   | Reached XP level 15. HP: 73/73 MP: 23/33
 23100 | Lair:4   | Reached skill level 9 in Transmutations
 23861 | Lair:5   | Found a shadowy altar of Dithmenos.
 23890 | Lair:5   | Found a staircase to the Slime Pits.
 24268 | Lair:5   | Reached skill level 10 in Transmutations
 24955 | Lair:6   | Entered Level 6 of the Lair of Beasts
 24955 | Lair:6   | Found an ornate altar of the Wu Jian Council.
 24955 | Lair:6   | Found a hide-covered altar of Uskayaw.
 25622 | Lair:6   | Reached skill level 11 in Transmutations
 26109 | Lair:6   | Reached skill level 10 in Air Magic
 26643 | Lair:6   | Noticed Sonja
 26645 | Lair:6   | Killed Sonja
 26684 | Lair:6   | Reached skill level 12 in Transmutations
 28211 | D:13     | Reached skill level 13 in Transmutations
 28734 | D:13     | Noticed Erolcha
 28736 | D:13     | Killed Erolcha
 29170 | D:13     | Found a gate to the Vaults.
 29181 | D:13     | Found Otaolial's Jewellery Emporium.
 29368 | D:13     | Reached XP level 16. HP: 78/78 MP: 24/34
 29955 | D:14     | Found a frozen archway.
 30014 | D:14     | Reached skill level 14 in Transmutations
 30040 | IceCv    | Entered an ice cave
 30044 | IceCv    | Found a transporter.
 30046 | IceCv    | Found a transporter.
 30381 | D:14     | Noticed Kirke
 30413 | D:14     | Killed Kirke
 30508 | D:14     | Noticed Jorgrun
 30521 | D:14     | Killed Jorgrun
 30726 | D:14     | Noticed Nessos
 30730 | D:14     | Killed Nessos
 31266 | D:14     | Learned a level 4 spell: Airstrike
 31462 | D:15     | Entered Level 15 of the Dungeon
 31507 | D:15     | Got the Guide on Shifting Stolen Souls
 31514 | D:15     | Learned a level 5 spell: Irradiate
 31911 | D:15     | Reached skill level 15 in Transmutations
 32004 | D:15     | Found a staircase to the Depths.
 33445 | Elf:1    | Entered Level 1 of the Elven Halls
 33448 | Elf:1    | Paralysed by an air elemental for 1 turns
 33499 | Elf:1    | You fall into a shaft and drop 1 floor!
 33725 | Elf:2    | Found a runed translucent door.
 33838 | Elf:2    | Found a runed translucent door.
 33847 | Elf:2    | Noticed a deep elf blademaster
 33851 | Elf:2    | Killed a deep elf blademaster
 34142 | Elf:2    | Reached skill level 16 in Transmutations
 34340 | Elf:2    | Mangled by a +1 halberd of protection

Illustrated notes

.....#.###.........# ##.##.#.###
.....#†# #.........# ##..#.....
.....#†# #.........# ##.......
.....'†# ##+######## #.......
.....### ######'# .....# #..#
..#### #.## ##### ###+#########
##.# ....# #.....[@.).># #..#
....# #...........# ##.### ....#
#...........#######.....
....######...........'....##.....
....'...##....$......####........
....###^##...........# ####.....
....# #...........# #..... ....#
+...........# #..[.. ....#
.........# #.....


Turn 10651 on D:10: Wow, pearl scales on D10

Levels and vault maps discovered:
D:1:      minmay_arrival_up_and_down, layout_rooms, serial_rivers,
          chequers_serial_rivers_small_3, chequers_serial_rivers_micro_c,
          chequers_serial_rivers_marsh, chequers_serial_rivers_micro_d,
          chequers_serial_rivers_small_a,
          dreamdust_ecumenical_altar_angels_and_demons,
          corexii_item_surrounded_by_moat, serial_park_tiny_2, st_stairs_4,
          chequers_big_river
D:2:      layout_rooms, serial_corexii_hall, chequers_hall_statues_wall_a,
          corexii_hall_statues_s, minmay_heptomino_d4, uniq_crazy_yiuf_cottage,
          uniq_sigmund, uniq_robin
D:3:      layout_loops_ring
D:4:      wad_river_or_something, layout_basic, st_stairs_8,
          nicolae_elevator_lobby_plus, uniq_blork_the_orc, uniq_natasha
D:5:      layout_rooms, minivault_26, minmay_misc_feat_rugged,
          minmay_gold_behind_fungi
D:6:      layout_layer_cave, lemuel_coloured_pillars_altar,
          minmay_temple_entry_drinking_statues
D:7:      layout_layer_cave, uniq_prince_ribbit1
D:8:      layout_rooms, serial_bayou_pond_e
D:9:      layout_basic, lair_entry_dummy, enter_bailey_6, uniq_gastronok
D:10:     layout_roguey, minmay_misc_feat_square, grunt_decor_mini_mirrors
D:11:     layout_long_grid, zombieorc2_lemuel, gauntlet_entry_generic,
          uniq_snorg, uniq_josephine, uniq_psyche
D:12:     minmay_inside_and_out, layout_loops_ring
D:13:     layout_grid_maze, ximxim_vaults_locker_room, serial_shops,
          shop_statue, uniq_erolcha
D:14:     layout_rooms, portal_ice_cave_entry_ice_simulacra, amethyst_killhole,
          serial_park_tiny_1, uniq_nessos, uniq_kirke, uniq_jorgrun
D:15:     grunt_enter_depths_giant_problem, layout_stronghold,
          serial_co_window_serial, co_window_paths_a, co_window_paths_a,
          co_window_corner_a, co_window_paths_a, co_window_corner_a,
          co_window_cross_1, co_window_corner_a, co_window_corner_ca,
          co_window_2corner, co_window_2corner, co_window_cross_4,
          co_window_2corner, co_window_corner_b, co_window_corner_cb,
          co_window_paths_e, co_window_paths_d, glass_columns_c,
          glass_columns_a, glass_columns_a, glass_columns_a, glass_columns_c
Lair:1:   layout_regular_city, grunt_forest_large_clearings, grunt_megastairs_5,
          uniq_erica
Lair:2:   layout_small_grid, guppyfry_snake_entry_island
Lair:3:   layout_chaotic_city, elwin_shoals_entry_rooms
Lair:4:   layout_long_grid, serial_bayou_shore_b, serial_bayou_shore_b,
          uniq_urug
Lair:5:   layout_small_grid, slime_dummy, basic_altar
Lair:6:   minmay_lair_end_enchanted_forest, layout_cave_pods,
          nzn_masters_of_martial_movement, uniq_sonja
Orc:1:    layout_caves, serial_shops
Orc:2:    st_orc_ogre_mass, layout_caves, nicolae_orc_flooded_monolith,
          small_statue_alley_c
Elf:1:    nicolae_elf_arrival_no_cutting_in_line, layout_loops_corners,
          orc_legates, grunt_megastairs_4
Elf:2:    nicolae_elf_blades_splatter_lattice
          [nicolae_blade_entry_splitting_headache], layout_geoelf_octagon,
          minmay_misc_feat_ornament, st_stairs_4

Skill      XL: |  1  2  3  4  5  6  7  8  9 10 11 12 13 14 15 16 |
---------------+-------------------------------------------------+-----
Spellcasting   | 3 4 5 6 7 9 11 12 13 | 13.0
Stealth        | 4 5 6 7 9 10 | 10.0
Ice Magic      | 4 5 6 |  6.6
Invocations    | 1 2 3 5 7 8 9 10 11 | 11.2
Transmutations | 5 8 13 16 | 16.1
Poison Magic   | 3 |  3.9
Air Magic      | 3 5 6 7 8 11 12 | 12.9
Summonings     | 3 4 5 6 |  6.6
Fire Magic     | 3 |  3.1
Hexes          | 6 7 |  7.0
Earth Magic    | 5 |  5.2
Dodging        | 7 10 | 10.3
Fighting       | 4 6 |  6.2

Action                   |  1- 3 |  4- 6 |  7- 9 | 10-12 | 13-15 | 16-18 || total
-------------------------+-------+-------+-------+-------+-------+-------++-------
Melee: Unarmed           |     1 |       |       |       |       |       ||     1
       Dagger            |       |    80 |   193 |    17 |   208 |    10 ||   508
       Punch             |       |     1 |     4 |     1 |     4 |       ||    10
 Cast: Freeze            |    54 |    40 |    61 |     7 |   115 |     2 ||   279
       Frozen Ramparts   |     1 |     9 |    39 |     8 |    40 |     3 ||   100
       Ozocubu's Armour  |       |     2 |    27 |     7 |    27 |     3 ||    66
       Poisonous Vapours |       |       |       |     9 |   371 |    45 ||   425
       Ignite Poison     |       |       |       |     3 |   285 |    36 ||   324
       Summon Lightning  |       |       |       |     2 |    37 |     9 ||    48
       Cause Fear        |       |       |       |       |     4 |       ||     4
       Leda's Liquefacti |       |       |       |       |     1 |       ||     1
       Airstrike         |       |       |       |       |       |    68 ||    68
       Irradiate         |       |       |       |       |       |     3 ||     3
Invok: Minor Destruction |       |       |    36 |    19 |   375 |    83 ||   513
       Major Destruction |       |       |       |     4 |       |       ||     4
       Lesser Servant of |       |       |       |     1 |     1 |     1 ||     3
       Greater Servant o |       |       |       |       |       |     1 ||     1
Evoke: Wand              |       |       |     4 |       |       |       ||     4
       Phial of floods   |       |       |       |       |       |     1 ||     1
  Use: Scroll            |       |       |    13 |     2 |    18 |     3 ||    36
       Potion            |       |       |     1 |     2 |       |     4 ||     7
 Stab: Sleeping          |       |    19 |    18 |     3 |     6 |     1 ||    47
       Distracted        |       |       |     1 |       |     5 |       ||     6
       Paralysed         |       |       |     1 |       |       |       ||     1
Armor: Robe              |     3 |    22 |    59 |       |       |       ||    84
       Steam dragon scal |       |       |    39 |    13 |   127 |    13 ||   192
Dodge: Dodged            |    37 |    77 |   235 |    40 |   515 |    89 ||   993
